TOP OF THE 1ST |
Greenwood Grizzlies batting - Pitching for Anderson Rebels : LHP Kevin Houston
|
Pitching: LHP Kevin Houston
|
|
Batting: RHB Dave Gallagher
|
0-0: Foul Ball, location: 2F 0-1: Ground out 4-3 (Groundball, 4, EV 80.6 MPH)
|
Batting: RHB Robert Weirum
|
0-0: Called Strike 0-1: Ground out 4-3 (Groundball, 4, EV 95.6 MPH)
|
Batting: LHB Mike Greenwell
|
0-0: Ball 1-0: Ball 2-0: Ball 3-0: Called Strike 3-1: Base on Balls
|
Batting: LHB Daryl Boston
|
0-0: Ball 1-0: Swinging Strike 1-1: Foul Ball, location: 2F 1-2: Strikes out swinging
|
Top of the 1st over - 0 runs, 0 hits, 0 errors, 1 left on base; Greenwood 0 - Anderson 0 |
BOTTOM OF THE 1ST |
Anderson Rebels batting - Pitching for Greenwood Grizzlies : RHP Dan del Valle
|
Pitching: RHP Dan del Valle
|
|
Batting: RHB Mike Gallego
|
0-0: Ball 1-0: Called Strike 1-1: Ball 2-1: SINGLE (Groundball, 56, EV 77.5 MPH) (infield hit)
|
Batting: RHB Juan Blanco
|
0-0: Ball 1-0: Ball 2-0: Foul Ball, location: 2F 2-1: Swinging Strike 2-2: Foul Ball, location: 2F 2-2: Fly out, F4 (Flyball, 34D, EV 90.6 MPH)
|
Batting: RHB Henry Cotto
|
0-0: Foul Ball, location: 2F 0-1: SINGLE (Line Drive, 6MD, EV 94.4 MPH) Mike Gallego to second Runner from 2nd tries for 3rd, SAFE, no throw by CF
|
Batting: RHB Todd Demeter
|
0-0: Ball 1-0: Ball 2-0: Called Strike 2-1: Ball 3-1: Foul Ball, location: 2F 3-2: Fly out, F7 (Flyball, 78D, EV 92.5 MPH) Runner from 3rd tags up, SCORES, throw by LF
|
Batting: RHB Steve Lombardozzi
|
0-0: Called Strike 0-1: Ball 1-1: Ball 2-1: Ball 3-1: Foul Ball, location: 2F 3-2: Foul Ball, location: 2F 3-2: Foul Ball, location: 2F 3-2: Fly out, F4 (Popup, 3D, EV 44.4 MPH)
|
Bottom of the 1st over - 1 run, 2 hits, 0 errors, 1 left on base; Greenwood 0 - Anderson 1 |
TOP OF THE 2ND |
Greenwood Grizzlies batting - Pitching for Anderson Rebels : LHP Kevin Houston
|
Batting: RHB Jim Sherman
|
0-0: Swinging Strike 0-1: Foul Ball, location: 2F 0-2: Fly out, F8 (Flyball, 89M, EV 90.6 MPH)
|
Batting: RHB George Chadwick
|
0-0: Ball 1-0: Ball 2-0: Called Strike 2-1: Ground out 6-3 (Groundball, 6S, EV 63.1 MPH)
|
Batting: RHB Wes Wesley
|
0-0: Ball 1-0: Foul Ball, location: 2F 1-1: SINGLE (Line Drive, 78S, EV 105.6 MPH)
|
Batting: RHB Carlos Urias
|
0-0: Ball 1-0: Fly out, F7 (Flyball, 7LM, EV 93.8 MPH)
|
Top of the 2nd over - 0 runs, 1 hit, 0 errors, 1 left on base; Greenwood 0 - Anderson 1 |
BOTTOM OF THE 2ND |
Anderson Rebels batting - Pitching for Greenwood Grizzlies : RHP Dan del Valle
|
Batting: RHB Guillermo Montiel
|
0-0: Ground out 4-3 (Groundball, 34, EV 105.6 MPH)
|
Batting: RHB Pat Dempsey
|
0-0: Called Strike 0-1: Swinging Strike 0-2: Foul Ball, location: 2F 0-2: Foul Ball, location: 2F 0-2: Ball 1-2: Ball 2-2: Strikes out looking and he ARGUES THE CALL AND IS TOSSED!
|
Batting: RHB Jose Bernhardt
|
0-0: Swinging Strike 0-1: Ball 1-1: Ball 2-1: Ball 3-1: Called Strike 3-2: Foul Ball, location: 2F 3-2: SINGLE (Line Drive, 9S, EV 92.5 MPH)
|
Batting: RHB Hector Ordonez
|
0-0: Ball 1-0: Ball 2-0: Ball 3-0: Base on Balls Jose Bernhardt to second
|
Batting: RHB Mike Gallego
|
0-0: Ball 1-0: Called Strike 1-1: Ball 2-1: Swinging Strike 2-2: Ball 3-2: Base on Balls Jose Bernhardt to third Hector Ordonez to second
|
Batting: RHB Juan Blanco
|
0-0: SINGLE (Groundball, 6MD, EV 104.4 MPH) Jose Bernhardt scores Hector Ordonez to third Mike Gallego to second Runner from 3rd tries for Home, SAFE, throw by CF to home
|
Batting: RHB Henry Cotto
|
0-0: Called Strike 0-1: Reached on error, E6 (Popup, P, EV 75.0 MPH) Mike Gallego to third Juan Blanco to second
|
Batting: RHB Todd Demeter
|
0-0: Fly out, F7 (Flyball, 7LM, EV 106.3 MPH)
|
Bottom of the 2nd over - 2 runs, 2 hits, 1 error, 3 left on base; Greenwood 0 - Anderson 3 |
TOP OF THE 3RD |
Greenwood Grizzlies batting - Pitching for Anderson Rebels : LHP Kevin Houston
|
Now at C: Dwight Lowry
|
|
Batting: RHB Therron Harper
|
0-0: Called Strike 0-1: Called Strike 0-2: Foul Ball, location: 2F 0-2: Fly out, F9 (Flyball, 89M, EV 92.5 MPH)
|
Batting: RHB Dave Gallagher
|
0-0: Swinging Strike 0-1: Ball 1-1: Ball 2-1: Foul Ball, location: 2F 2-2: Ball 3-2: Strikes out swinging
|
Batting: RHB Robert Weirum
|
0-0: Called Strike 0-1: Called Strike 0-2: Ground out 6-3 (Groundball, 6, EV 86.3 MPH)
|
Top of the 3rd over - 0 runs, 0 hits, 0 errors, 0 left on base; Greenwood 0 - Anderson 3 |
BOTTOM OF THE 3RD |
Anderson Rebels batting - Pitching for Greenwood Grizzlies : RHP Dan del Valle
|
Batting: RHB Steve Lombardozzi
|
0-0: Ball 1-0: Ball 2-0: Ball 3-0: Called Strike 3-1: Called Strike 3-2: Foul Ball, location: 2F 3-2: Base on Balls
|
Batting: RHB Guillermo Montiel
|
0-0: Ball 1-0: Ball 2-0: Ball 3-0: Base on Balls Steve Lombardozzi to second
|
Batting: LHB Dwight Lowry
|
0-0: Fly out, F9 (Flyball, 9D, EV 85.0 MPH) Runner from 2nd tags up, SAFE at 3rd, no throw by RF
|
Batting: RHB Jose Bernhardt
|
0-0: Ball 1-0: Ball 2-0: Ball 3-0: Swinging Strike 3-1: Called Strike 3-2: Foul Ball, location: 2F 3-2: DOUBLE (Line Drive, 89D, EV 104.4 MPH) Steve Lombardozzi scores Guillermo Montiel to third Guillermo Montiel scores
|
Batting: RHB Hector Ordonez
|
0-0: Foul Ball, location: 2F 0-1: Fly out, F3 (Popup, 3F, EV 57.5 MPH)
|
Batting: RHB Mike Gallego
|
0-0: Called Strike 0-1: Foul Ball, location: 2F 0-2: Ball 1-2: Ball 2-2: Foul Ball, location: 2F 2-2: Foul Ball, location: 2F 2-2: Reached on error, E3 (Groundball, 34S, EV 85.0 MPH) Jose Bernhardt to third
|
Batting: RHB Juan Blanco
|
0-0: Called Strike 0-1: Fly out, F4 (Popup, 4MD, EV 53.8 MPH)
|
Bottom of the 3rd over - 2 runs, 1 hit, 1 error, 2 left on base; Greenwood 0 - Anderson 5 |
TOP OF THE 4TH |
Greenwood Grizzlies batting - Pitching for Anderson Rebels : LHP Kevin Houston
|
Batting: LHB Mike Greenwell
|
0-0: Called Strike 0-1: Foul Ball, location: 2F 0-2: Ball 1-2: Ball 2-2: Ball 3-2: Strikes out looking
|
Batting: LHB Daryl Boston
|
0-0: Ball 1-0: Called Strike 1-1: Foul Ball, location: 2F 1-2: Ball 2-2: Ball 3-2: Ground out 6-3 (Groundball, 4M, EV 81.9 MPH)
|
Batting: RHB Jim Sherman
|
0-0: Ball 1-0: Foul Ball, location: 2F 1-1: SOLO HOME RUN (Flyball, 7LD, EV 93.8 MPH), Distance : 364 ft
|
Batting: RHB George Chadwick
|
0-0: Called Strike 0-1: Ball 1-1: Called Strike 1-2: Reached on error, E5 (Groundball, 56, EV 99.4 MPH)
|
Batting: RHB Wes Wesley
|
0-0: Called Strike 0-1: TRIPLE (Flyball, 9LD, EV 98.1 MPH) George Chadwick scores
|
Batting: RHB Carlos Urias
|
0-0: Ground out 5-3 (Groundball, 56S, EV 65.0 MPH)
|
Top of the 4th over - 2 runs, 2 hits, 1 error, 1 left on base; Greenwood 2 - Anderson 5 |
BOTTOM OF THE 4TH |
Anderson Rebels batting - Pitching for Greenwood Grizzlies : RHP Dan del Valle
|
Batting: RHB Henry Cotto
|
0-0: Called Strike 0-1: Ball 1-1: Ball 2-1: Foul Ball, location: 2F 2-2: Strikes out swinging
|
Batting: RHB Todd Demeter
|
0-0: Called Strike 0-1: Swinging Strike 0-2: Foul Ball, location: 2F 0-2: Strikes out swinging
|
Batting: RHB Steve Lombardozzi
|
0-0: Ball 1-0: Called Strike 1-1: Called Strike 1-2: Ball 2-2: Ball 3-2: Foul Ball, location: 2F 3-2: Base on Balls
|
Batting: RHB Guillermo Montiel
|
0-0: Fly out, F7 (Flyball, 7, EV 85.6 MPH)
|
Bottom of the 4th over - 0 runs, 0 hits, 0 errors, 1 left on base; Greenwood 2 - Anderson 5 |
TOP OF THE 5TH |
Greenwood Grizzlies batting - Pitching for Anderson Rebels : LHP Kevin Houston
|
Batting: RHB Therron Harper
|
0-0: Foul Ball, location: 2F 0-1: Ball 1-1: Ball 2-1: Fly out, F7 (Line Drive, 7D, EV 100.0 MPH)
|
Batting: RHB Dave Gallagher
|
0-0: Ball 1-0: Ground out 6-3 (Groundball, 6MS, EV 83.8 MPH)
|
Batting: RHB Robert Weirum
|
0-0: Called Strike 0-1: Swinging Strike 0-2: DOUBLE (Flyball, 8RD, EV 105.0 MPH)
|
Batting: LHB Mike Greenwell
|
0-0: Swinging Strike 0-1: Ball 1-1: DOUBLE (Line Drive, 78XD, EV 113.1 MPH) Robert Weirum scores
|
Batting: LHB Daryl Boston
|
0-0: Foul Ball, location: 2F 0-1: Ball 1-1: Ball 2-1: Called Strike 2-2: Fly out, F6 (Popup, 6S, EV 73.1 MPH)
|
Top of the 5th over - 1 run, 2 hits, 0 errors, 1 left on base; Greenwood 3 - Anderson 5 |
BOTTOM OF THE 5TH |
Anderson Rebels batting - Pitching for Greenwood Grizzlies : RHP Dan del Valle
|
Batting: LHB Dwight Lowry
|
0-0: Ball 1-0: Ball 2-0: Called Strike 2-1: Ball 3-1: SINGLE (Line Drive, 89S, EV 110.0 MPH)
|
Batting: RHB Jose Bernhardt
|
0-0: Called Strike 0-1: Called Strike 0-2: Ball 1-2: Strikes out looking
|
Batting: RHB Hector Ordonez
|
0-0: Ball 1-0: Fly out, F8 (Flyball, 8RXD, EV 96.3 MPH)
|
Batting: RHB Mike Gallego
|
0-0: Ground out 4-3 (Groundball, 34, EV 97.5 MPH)
|
Bottom of the 5th over - 0 runs, 1 hit, 0 errors, 1 left on base; Greenwood 3 - Anderson 5 |
TOP OF THE 6TH |
Greenwood Grizzlies batting - Pitching for Anderson Rebels : LHP Kevin Houston
|
Batting: RHB Jim Sherman
|
0-0: Foul Ball, location: 2F 0-1: Ball 1-1: Ball 2-1: Ball 3-1: Foul Ball, location: 2F 3-2: Foul Ball, location: 2F 3-2: Foul Ball, location: 2F 3-2: Strikes out swinging
|
Batting: RHB George Chadwick
|
0-0: Called Strike 0-1: Ball 1-1: Ball 2-1: Ball 3-1: Base on Balls
|
Batting: RHB Wes Wesley
|
0-0: Called Strike 0-1: Ball 1-1: Swinging Strike 1-2: Ball 2-2: Grounds into double play, 6-4-3 (Groundball, 6, EV 98.8 MPH)
|
Top of the 6th over - 0 runs, 0 hits, 0 errors, 0 left on base; Greenwood 3 - Anderson 5 |
BOTTOM OF THE 6TH |
Anderson Rebels batting - Pitching for Greenwood Grizzlies : RHP Dan del Valle
|
Batting: RHB Juan Blanco
|
0-0: Swinging Strike 0-1: Fly out, F8 (Flyball, 89D, EV 93.1 MPH)
|
Batting: RHB Henry Cotto
|
0-0: Called Strike 0-1: Ground out U3 (Groundball, 34S, EV 79.4 MPH)
|
Batting: RHB Todd Demeter
|
0-0: Called Strike 0-1: Fly out, F9 (Flyball, 9, EV 74.4 MPH)
|
Bottom of the 6th over - 0 runs, 0 hits, 0 errors, 0 left on base; Greenwood 3 - Anderson 5 |
TOP OF THE 7TH |
Greenwood Grizzlies batting - Pitching for Anderson Rebels : LHP Kevin Houston
|
Batting: RHB Carlos Urias
|
0-0: Called Strike 0-1: Foul Ball, location: 2F 0-2: Strikes out looking
|
Batting: RHB Therron Harper
|
0-0: Ball 1-0: Ball 2-0: Ball 3-0: Base on Balls
|
Batting: RHB Dave Gallagher
|
0-0: Ball 1-0: Called Strike 1-1: Ball 2-1: Foul Ball, location: 2F 2-2: Foul Ball, location: 2F 2-2: Foul Ball, location: 2F 2-2: Ball 3-2: Foul Ball, location: 2F 3-2: Foul Ball, location: 2F 3-2: Fly out, F8 (Line Drive, 8LM, EV 90.0 MPH)
|
Batting: RHB Robert Weirum
|
0-0: Ball 1-0: Ball 2-0: Ground out 4-3 (Groundball, 4S, EV 88.8 MPH)
|
Top of the 7th over - 0 runs, 0 hits, 0 errors, 1 left on base; Greenwood 3 - Anderson 5 |
BOTTOM OF THE 7TH |
Anderson Rebels batting - Pitching for Greenwood Grizzlies : RHP Dan del Valle
|
Pitching: RHP Mark Stoeber
|
|
Batting: RHB Steve Lombardozzi
|
0-0: DOUBLE (Groundball, 5L, EV 104.4 MPH)
|
Batting: RHB Guillermo Montiel
|
0-0: Swinging Strike 0-1: Ball 1-1: Sac Bunt to 3S - play at first, batter OUT! 3-4 Steve Lombardozzi to third
|
Batting: LHB Dwight Lowry
|
0-0: Intentional Walk
|
Batting: RHB Jose Bernhardt
|
0-0: Called Strike 0-1: Called Strike 0-2: Strikes out swinging
|
Batting: RHB Hector Ordonez
|
0-0: Ball 1-0: Fly out, F4 (Flyball, 34D, EV 87.5 MPH)
|
Bottom of the 7th over - 0 runs, 1 hit, 0 errors, 2 left on base; Greenwood 3 - Anderson 5 |
TOP OF THE 8TH |
Greenwood Grizzlies batting - Pitching for Anderson Rebels : LHP Kevin Houston
|
Batting: LHB Mike Greenwell
|
0-0: Foul Ball, location: 2F 0-1: Ball 1-1: Foul Ball, location: 2F 1-2: Foul Ball, location: 2F 1-2: Strikes out swinging
|
Batting: LHB Daryl Boston
|
0-0: Called Strike 0-1: Swinging Strike 0-2: Foul Ball, location: 2F 0-2: Ball 1-2: SINGLE (Groundball, 34D, EV 99.4 MPH)
|
Batting: RHB Jim Sherman
|
0-0: Ball 1-0: Fly out, F9 (Flyball, 89XD, EV 98.1 MPH)
|
Batting: RHB George Chadwick
|
0-0: Swinging Strike 0-1: Fly out, F8 (Flyball, 78M, EV 83.1 MPH)
|
Top of the 8th over - 0 runs, 1 hit, 0 errors, 1 left on base; Greenwood 3 - Anderson 5 |
BOTTOM OF THE 8TH |
Anderson Rebels batting - Pitching for Greenwood Grizzlies : RHP Mark Stoeber
|
Batting: RHB Mike Gallego
|
0-0: Ball 1-0: Called Strike 1-1: Foul Ball, location: 2F 1-2: Ball 2-2: Strikes out swinging
|
Batting: RHB Juan Blanco
|
0-0: Foul Ball, location: 2F 0-1: Ball 1-1: Ball 2-1: SINGLE (Groundball, 6D, EV 102.5 MPH)
|
Batting: RHB Henry Cotto
|
0-0: Ball Juan Blanco is caught stealing 2nd base 2-4 1-0: TRIPLE (Line Drive, 89XD, EV 103.1 MPH)
|
Batting: RHB Todd Demeter
|
0-0: Ball 1-0: Called Strike 1-1: Swinging Strike 1-2: Foul Ball, location: 2F 1-2: Ball 2-2: Foul Ball, location: 2F 2-2: Ball 3-2: Fly out, F3 (Flyball, 3D, EV 89.4 MPH)
|
Bottom of the 8th over - 0 runs, 2 hits, 0 errors, 1 left on base; Greenwood 3 - Anderson 5 |
TOP OF THE 9TH |
Greenwood Grizzlies batting - Pitching for Anderson Rebels : LHP Kevin Houston
|
Pitching: RHP Kenneth Walker
|
|
Batting: RHB Wes Wesley
|
0-0: Ball 1-0: Ball 2-0: Ball 3-0: Called Strike 3-1: Foul Ball, location: 2F 3-2: Foul Ball, location: 2F 3-2: Foul Ball, location: 2F 3-2: SOLO HOME RUN (Flyball, 7LD, EV 100.0 MPH), Distance : 355 ft
|
Pinch Hitting: LHB John Flammang
|
0-0: Ground out 4-3 (Groundball, 34S, EV 89.4 MPH)
|
Batting: RHB Therron Harper
|
0-0: Foul Ball, location: 2F 0-1: Ball 1-1: Ball 2-1: Fly out, F3 (Line Drive, 3, EV 69.4 MPH)
|
Batting: RHB Dave Gallagher
|
0-0: Ball 1-0: Called Strike 1-1: Foul Ball, location: 2F 1-2: Fly out, F8 (Flyball, 8RS, EV 86.3 MPH)
|
Top of the 9th over - 1 run, 1 hit, 0 errors, 0 left on base; Greenwood 4 - Anderson 5 |
|